[Event "Najdorf Memorial-A 2022"]
[Site "Warsaw"]
[Date "2022.07.12"]
[Round "4.16"]
[White "Basiaga, Sebastian"]
[Black "Kutowski, Marcel"]
[Result "0-1"]
[ECO "B52"]
[WhiteElo "1770"]
[BlackElo "1961"]
[Annotator "ChessBase"]
[PlyCount "82"]
[EventDate "2022.07.09"]
[EventType "swiss"]
[EventCountry "POL"]
[SourceTitle "playchess.com"]
[Source "ChessBase"]
[SourceQuality "1"]
[TimeControl "40/5400+30:1800+30"]

1. e4 c5 2. Nf3 d6 3. Bb5+ Bd7 4. Bxd7+ Qxd7 5. c4 Nf6 6. Nc3 g6 7. d4 cxd4 8. Nxd4 Bg7 9. f3 Qc7 10. b3 Qa5 11. Qd3 Nc6 12. Be3 O-O 13. O-O Rfd8 14. Rfd1 e6 15. Nxc6 bxc6 16. Rac1 d5 17. cxd5 cxd5 18. exd5 Nxd5 19. Nxd5 Rxd5 20. Qc2 Rad8 21. Rxd5 Rxd5 22. Qc8+ Rd8 23. Qc2 h5 24. Qf2 Rd3 25. Qe2 Qd5 26. Kh1 a6 27. g3 Bf6 28. Rc2 Bc3 29. Kg2 h4 30. g4 e5 31. Bh6 h3+ 32. Kf2 Bd4+ 33. Kg3 e4 34. Kh4 Rxf3 35. Qxa6 Bf6+ 36. g5 Bd8 37. Qc8 Qd6 38. Qg4 Rf4 39. a4 Rxg4+ 40. Kxg4 Qe6+ 41. Kh4 e3 0-1

[Event "Najdorf Memorial-A 2022"]
[Site "Warsaw"]
[Date "2022.07.12"]
[Round "4.17"]
[White "Pancewicz, Szymon"]
[Black "Vanduyfhuys, Igor"]
[Result "1-0"]
[ECO "B90"]
[WhiteElo "1756"]
[BlackElo "1959"]
[Annotator "ChessBase"]
[PlyCount "51"]
[EventDate "2022.07.09"]
[EventType "swiss"]
[EventCountry "POL"]
[SourceTitle "playchess.com"]
[Source "ChessBase"]
[SourceQuality "1"]
[TimeControl "40/5400+30:1800+30"]

1. e4 c5 2. Nf3 d6 3. d4 cxd4 4. Nxd4 Nf6 5. Nc3 a6 6. h3 g6 7. Be3 Bg7 8. g4 O-O 9. Qd2 b5 10. Bg2 Bb7 11. O-O Qc8 12. Nd5 Nxd5 13. exd5 Nd7 14. Rfe1 Ne5 15. b3 Nd7 16. Rac1 Nb6 17. Nc6 Bxc6 18. dxc6 Qc7 19. Bxb6 Qxb6 20. Rxe7 Be5 21. c4 Ra7 22. c5 Qb8 23. Rxa7 Qxa7 24. cxd6 b4 25. c7 Bc3 26. Rxc3 1-0

[Event "Najdorf Memorial-A 2022"]
[Site "Warsaw"]
[Date "2022.07.12"]
[Round "4.17"]
[White "Niezhentsev, Kyrylo"]
[Black "Backiel, Hubert"]
[Result "0-1"]
[ECO "B24"]
[WhiteElo "1721"]
[BlackElo "2045"]
[Annotator "ChessBase"]
[PlyCount "78"]
[EventDate "2022.07.09"]
[EventType "swiss"]
[EventCountry "POL"]
[SourceTitle "playchess.com"]
[Source "ChessBase"]
[SourceQuality "1"]
[TimeControl "40/5400+30:1800+30"]

1. e4 c5 2. Nc3 Nc6 3. Nf3 Nf6 4. Bb5 e6 5. d4 cxd4 6. Nxd4 Bb4 7. Nxc6 bxc6 8. Bd3 d5 9. Bd2 O-O 10. O-O a5 11. Qe2 c5 12. e5 c4 13. Bxc4 dxc4 14. exf6 Qxf6 15. Qe4 Ra7 16. a3 Be7 17. Qg4 Rd7 18. Be3 Bb7 19. Qxc4 Qg6 20. f3 Qxc2 21. Rfc1 Qxb2 22. Qa4 Bc8 23. Ra2 Qb8 24. Qxa5 Bd6 25. h3 Bf4 26. Bxf4 Qxf4 27. Ne2 Qe3+ 28. Kh1 h6 29. Qb5 Rd5 30. Qc4 Rfd8 31. Rac2 Bb7 32. Rc3 Qf2 33. R1c2 Rg5 34. Ng1 Qe1 35. Qc7 Rd1 36. Qb6 Rd2 37. g4 Rxc2 38. Qd8+ Kh7 39. Qd3+ Be4 0-1

[Event "Najdorf Memorial-A 2022"]
[Site "Warsaw"]
[Date "2022.07.12"]
[Round "4.18"]
[White "Mazur, Maciej"]
[Black "Iwanczuk, Krzysztof"]
[Result "0-1"]
[ECO "B51"]
[WhiteElo "1757"]
[BlackElo "1947"]
[Annotator "ChessBase"]
[PlyCount "65"]
[EventDate "2022.07.09"]
[EventType "swiss"]
[EventCountry "POL"]
[SourceTitle "playchess.com"]
[Source "ChessBase"]
[SourceQuality "1"]
[TimeControl "40/5400+30:1800+30"]

1. e4 c5 2. Nf3 d6 3. Bb5+ Nd7 4. c4 Ngf6 5. Nc3 g6 6. d4 cxd4 7. Nxd4 Bg7 8. O-O O-O 9. Bxd7 Bxd7 10. Be3 Rc8 11. b3 Ng4 12. Qd2 Nxe3 13. Qxe3 Qa5 14. a4 Rfe8 15. h3 a6 16. Rfd1 e6 17. Qd2 Bc6 18. Nxc6 bxc6 19. Rac1 d5 20. Nb1 Qb6 21. cxd5 cxd5 22. Rxc8 Rxc8 23. exd5 Qxb3 24. dxe6 Qxe6 25. Qa5 Bf8 26. Re1 Qf6 27. Qd5 Rc2 28. Nd2 Qc3 29. Nf3 Bc5 30. Re8+ Kg7 31. Qe5+ Qxe5 32. Nxe5 Rxf2 33. Rc8 0-1

[Event "Najdorf Memorial-A 2022"]
[Site "Warsaw"]
[Date "2022.07.12"]
[Round "4.19"]
[White "Ratajczak, Hubert"]
[Black "Gasiorek, Dariusz"]
[Result "1-0"]
[ECO "A13"]
[WhiteElo "1943"]
[BlackElo "1854"]
[Annotator "ChessBase"]
[PlyCount "67"]
[EventDate "2022.07.09"]
[EventType "swiss"]
[EventCountry "POL"]
[SourceTitle "playchess.com"]
[Source "ChessBase"]
[SourceQuality "1"]
[TimeControl "40/5400+30:1800+30"]

1. c4 e6 2. Nf3 d5 3. e3 Nf6 4. Nc3 Be7 5. d4 O-O 6. Qc2 b6 7. cxd5 exd5 8. Bd3 c5 9. Ne5 h6 10. O-O Bb7 11. Bd2 Nc6 12. Ne2 Nxe5 13. dxe5 Ne4 14. f4 f6 15. Bxe4 dxe4 16. Bc3 Ba6 17. Rfd1 Bd3 18. Qb3+ Kh8 19. Qe6 fxe5 20. Nc1 Bf6 21. Nxd3 exd3 22. fxe5 Bg5 23. Qc4 Bxe3+ 24. Kh1 Qg5 25. Qxd3 Rf2 26. Qe4 Raf8 27. e6 R8f4 28. Bxg7+ Qxg7 29. Rd8+ Rf8 30. e7 Qxe7 31. Qxe7 Rxd8 32. Qxd8+ Kg7 33. Qe7+ Rf7 34. Qxe3 1-0

[Event "Najdorf Memorial-A 2022"]
[Site "Warsaw"]
[Date "2022.07.13"]
[Round "5.1"]
[White "Pacan-Milej, Kosma"]
[Black "Jarmula, Lukasz"]
[Result "1/2-1/2"]
[ECO "B06"]
[WhiteElo "2412"]
[BlackElo "2452"]
[Annotator "ChessBase"]
[PlyCount "42"]
[EventDate "2022.07.09"]
[EventType "swiss"]
[EventCountry "POL"]
[SourceTitle "playchess.com"]
[Source "ChessBase"]
[SourceQuality "1"]
[TimeControl "40/5400+30:1800+30"]

1. d4 d6 2. Nf3 g6 3. c4 Bg7 4. e4 Bg4 5. Be2 Bxf3 6. Bxf3 Nc6 7. Be3 e5 8. d5 Nd4 9. O-O c5 10. dxc6 bxc6 11. Bxd4 exd4 12. e5 Ne7 13. exd6 Qxd6 14. Qd3 Rb8 15. b3 O-O 16. Nc3 Qc7 17. Na4 c5 18. Rfe1 Nc8 19. Re2 Nb6 20. Nxb6 axb6 21. Rae1 Bf6 1/2-1/2

[Event "Najdorf Memorial-A 2022"]
[Site "Warsaw"]
[Date "2022.07.13"]
[Round "5.1"]
[White "Goraj, Barbara"]
[Black "Zalega, Maciej"]
[Result "1/2-1/2"]
[ECO "B44"]
[WhiteElo "2035"]
[BlackElo "1912"]
[Annotator "ChessBase"]
[PlyCount "78"]
[EventDate "2022.07.09"]
[EventType "swiss"]
[EventCountry "POL"]
[SourceTitle "playchess.com"]
[Source "ChessBase"]
[SourceQuality "1"]
[TimeControl "40/5400+30:1800+30"]

1. e4 c5 2. Nf3 e6 3. d4 cxd4 4. Nxd4 Nc6 5. Nb5 d6 6. c4 Nf6 7. N1c3 a6 8. Na3 Qa5 9. Bd2 Be7 10. Nc2 Qd8 11. Be3 Qa5 12. f3 O-O 13. Qd2 Bd7 14. Qf2 Nb4 15. Nd4 Qc7 16. Rc1 Nc6 17. Nb3 Ne5 18. Bb6 Qc8 19. Qd4 Nh5 20. c5 Nc6 21. Qd2 dxc5 22. Nxc5 Ne5 23. Qe3 h6 24. Rc2 Bg5 25. Qd4 Bh4+ 26. Kd1 Bf6 27. Qd6 Qc6 28. Qxc6 Bxc6 29. Ne2 Bd8 30. Bxd8 Rfxd8+ 31. Kc1 b6 32. Nb3 Ba4 33. Nc3 Bxb3 34. axb3 Nf4 35. g3 Nfd3+ 36. Bxd3 Nxd3+ 37. Kb1 Nb4 38. Rcc1 Rd2 39. Na2 Nxa2 1/2-1/2

[Event "Najdorf Memorial-A 2022"]
[Site "Warsaw"]
[Date "2022.07.13"]
[Round "5.2"]
[White "Noe, Christopher"]
[Black "Romanishin, Oleg M"]
[Result "1/2-1/2"]
[ECO "E25"]
[WhiteElo "2505"]
[BlackElo "2404"]
[Annotator "ChessBase"]
[PlyCount "63"]
[EventDate "2022.07.09"]
[EventType "swiss"]
[EventCountry "POL"]
[SourceTitle "playchess.com"]
[Source "ChessBase"]
[SourceQuality "1"]
[TimeControl "40/5400+30:1800+30"]

1. d4 Nf6 2. c4 e6 3. Nc3 Bb4 4. f3 d5 5. a3 Bxc3+ 6. bxc3 c5 7. cxd5 Nxd5 8. dxc5 f5 9. Nh3 Qa5 10. Nf2 Nc6 11. Qd2 Qxc5 12. e4 Nf6 13. a4 fxe4 14. fxe4 Bd7 15. Ba3 Qe5 16. Be2 O-O-O 17. O-O Be8 18. Qb2 Bg6 19. Nd3 Qc7 20. Nc5 Rhe8 21. Bc4 Qb6 22. Bxe6+ Kb8 23. Qf2 Nxe4 24. Nd7+ Kc7 25. Nxb6 Nxf2 26. Nd5+ Kb8 27. Nf4 Nd3 28. Bc4 Nxf4 29. Rxf4 Re4 30. Rxe4 Bxe4 31. Re1 Bc2 32. Bb5 1/2-1/2

[Event "Najdorf Memorial-A 2022"]
[Site "Warsaw"]
[Date "2022.07.13"]
[Round "5.2"]
[White "Sriram, Jha"]
[Black "Stachecki, Mikolaj"]
[Result "1-0"]
[ECO "D58"]
[WhiteElo "2361"]
[BlackElo "1918"]
[Annotator "ChessBase"]
[PlyCount "73"]
[EventDate "2022.07.09"]
[EventType "swiss"]
[EventCountry "POL"]
[SourceTitle "playchess.com"]
[Source "ChessBase"]
[SourceQuality "1"]
[TimeControl "40/5400+30:1800+30"]

1. d4 d5 2. c4 e6 3. Nf3 Nf6 4. Bg5 Be7 5. Nc3 h6 6. Bh4 O-O 7. e3 b6 8. Be2 Bb7 9. O-O Nbd7 10. Rc1 dxc4 11. Bxc4 c5 12. Qe2 Ne4 13. Bxe7 Qxe7 14. Ba6 Ndf6 15. Bxb7 Qxb7 16. dxc5 Nxc3 17. Rxc3 Ne4 18. Rc4 Nxc5 19. b4 Nd7 20. Rfc1 Rac8 21. h3 Nf6 22. Nd4 Ne4 23. Nc6 Nc5 24. Nd4 Ne4 25. Qc2 Rxc4 26. Qxc4 Nf6 27. Nc6 Kh8 28. Ne5 Kg8 29. a4 Qb8 30. Qc7 Qa8 31. Nc6 Nd5 32. Qd7 Rc8 33. e4 Rc7 34. Ne7+ Kh7 35. Rxc7 Nxc7 36. Qxc7 Qxe4 37. Qb8 1-0

[Event "Najdorf Memorial-A 2022"]
[Site "Warsaw"]
[Date "2022.07.13"]
[Round "5.3"]
[White "Sarkar, Justin"]
[Black "Chomczyk, Marek"]
[Result "1-0"]
[ECO "E95"]
[WhiteElo "2346"]
[BlackElo "2290"]
[Annotator "ChessBase"]
[PlyCount "55"]
[EventDate "2022.07.09"]
[EventType "swiss"]
[EventCountry "POL"]
[SourceTitle "playchess.com"]
[Source "ChessBase"]
[SourceQuality "1"]
[TimeControl "40/5400+30:1800+30"]

1. d4 Nf6 2. c4 g6 3. Nc3 Bg7 4. e4 d6 5. Be2 O-O 6. Nf3 e5 7. O-O Nbd7 8. Re1 Re8 9. Bf1 c6 10. Rb1 exd4 11. Nxd4 Nc5 12. f3 d5 13. e5 Nfd7 14. b4 Rxe5 15. Rxe5 Nxe5 16. bxc5 dxc4 17. Ne4 Nd3 18. Nc2 Bf5 19. Be3 Bxe4 20. fxe4 Qe7 21. Bxd3 Rd8 22. Bxc4 Rxd1+ 23. Rxd1 Be5 24. g3 Kg7 25. Rf1 f6 26. Nd4 h5 27. Ne6+ Kh7 28. Rd1 1-0

[Event "Najdorf Memorial-A 2022"]
[Site "Warsaw"]
[Date "2022.07.13"]
[Round "5.3"]
[White "Podgorski, Maciej"]
[Black "Starosciak, Szymon"]
[Result "1-0"]
[ECO "B30"]
[WhiteElo "1967"]
[BlackElo "1901"]
[Annotator "ChessBase"]
[PlyCount "83"]
[EventDate "2022.07.09"]
[EventType "swiss"]
[EventCountry "POL"]
[SourceTitle "playchess.com"]
[Source "ChessBase"]
[SourceQuality "1"]
[TimeControl "40/5400+30:1800+30"]

1. e4 c5 2. Nf3 Nc6 3. Bb5 e5 4. O-O Bd6 5. c3 a6 6. Bc4 Nf6 7. d4 cxd4 8. cxd4 exd4 9. e5 Bxe5 10. Nxe5 Nxe5 11. Re1 O-O 12. Rxe5 Qc7 13. Rf5 Qxc4 14. Rxf6 gxf6 15. Bh6 d6 16. Na3 Qd5 17. Bxf8 Kxf8 18. Nc2 d3 19. Nb4 Qd4 20. Nxd3 Bf5 21. Ne1 Qxd1 22. Rxd1 Ke7 23. Nf3 Kd7 24. Nd4 Be6 25. a3 Rc8 26. f4 f5 27. Kf2 Bd5 28. Nxf5 Rc2+ 29. Ke3 Be6 30. Nxd6 Kc6 31. f5 Bd5 32. Nc8 Bxg2 33. Ne7+ Kc5 34. b4+ Kc4 35. Rd6 Kb3 36. Rf6 Kxa3 37. Rxf7 Kxb4 38. Rxh7 Rc3+ 39. Kf2 Be4 40. Rh4 Kb3 41. Rxe4 Rh3 42. Re3+ 1-0

[Event "Najdorf Memorial-A 2022"]
[Site "Warsaw"]
[Date "2022.07.13"]
[Round "5.4"]
[White "Golubka, Petro"]
[Black "Musial, Tomasz"]
[Result "0-1"]
[ECO "A40"]
[WhiteElo "2378"]
[BlackElo "2131"]
[Annotator "ChessBase"]
[PlyCount "178"]
[EventDate "2022.07.09"]
[EventType "swiss"]
[EventCountry "POL"]
[SourceTitle "playchess.com"]
[Source "ChessBase"]
[SourceQuality "1"]
[TimeControl "40/5400+30:1800+30"]

1. d4 e6 2. c4 b6 3. a3 Nf6 4. Nc3 Bb7 5. f3 d5 6. cxd5 exd5 7. e3 Be7 8. Bd3 O-O 9. Nge2 c5 10. O-O Nc6 11. Bd2 Re8 12. Be1 Bd6 13. Bf2 Rc8 14. Bf5 Rb8 15. Nb5 Ba6 16. Nec3 Bf8 17. a4 Bc8 18. Bxc8 Rxc8 19. Ne2 a6 20. Na3 cxd4 21. Nxd4 Nxd4 22. Qxd4 Bc5 23. Qd3 Qe7 24. Nc2 a5 25. Rfd1 Qe5 26. Rab1 Bd6 27. Bg3 Qe7 28. Bf2 Bxh2+ 29. Kxh2 Qc7+ 30. Kg1 Qxc2 31. Qb5 Qc6 32. Qb3 Qe6 33. Rbc1 Rc6 34. Qb5 Rec8 35. Rxc6 Rxc6 36. b4 axb4 37. Qxb4 h6 38. a5 bxa5 39. Qxa5 Rc2 40. Qa8+ Kh7 41. Qa4 Qc8 42. Qd4 Qc4 43. Bh4 Qxd4 44. Rxd4 g5 45. Bg3 Kg6 46. Be5 Rc5 47. e4 dxe4 48. Bxf6 Kxf6 49. Rxe4 h5 50. Kh2 Rc3 51. Ra4 Kg6 52. Ra6+ f6 53. Rb6 Rd3 54. Ra6 g4 55. Ra8 gxf3 56. gxf3 Rxf3 57. Rg8+ Kf5 58. Kg2 Ra3 59. Rh8 Kg4 60. Rg8+ Kf4 61. Kh2 f5 62. Rg7 h4 63. Rg8 Ke3 64. Re8+ Kf3 65. Rh8 Ra2+ 66. Kh3 Ra1 67. Kh2 f4 68. Rb8 Ra2+ 69. Kh3 Kf2 70. Rb3 f3 71. Rb1 Ke2 72. Rb8 f2 73. Re8+ Kf1 74. Kh2 Re2 75. Ra8 Rd2 76. Re8 Re2 77. Ra8 Ke1 78. Ra1+ Kd2 79. Kg2 h3+ 80. Kf3 h2 81. Rh1 Kd3 82. Rd1+ Rd2 83. Rh1 Kc2 84. Rf1 Kd3 85. Rh1 Kc3 86. Rf1 Rd8 87. Ke2 Rf8 88. Rc1+ Kb2 89. Rf1 Kc2 0-1

[Event "Najdorf Memorial-A 2022"]
[Site "Warsaw"]
[Date "2022.07.13"]
[Round "5.4"]
[White "Kaczmarska, Joanna"]
[Black "Celinski, Kamil"]
[Result "1/2-1/2"]
[ECO "A05"]
[WhiteElo "1965"]
[BlackElo "1876"]
[Annotator "ChessBase"]
[PlyCount "131"]
[EventDate "2022.07.09"]
[EventType "swiss"]
[EventCountry "POL"]
[SourceTitle "playchess.com"]
[Source "ChessBase"]
[SourceQuality "1"]
[TimeControl "40/5400+30:1800+30"]

1. Nf3 Nf6 2. g3 b5 3. Bg2 Bb7 4. O-O e6 5. d3 Be7 6. e4 d6 7. Nbd2 c5 8. Qe2 Nbd7 9. Rd1 O-O 10. h3 a5 11. Nf1 Qc7 12. g4 Rfc8 13. g5 Nh5 14. Nh4 g6 15. f4 d5 16. exd5 exd5 17. Nf5 Bf8 18. Qf3 Rab8 19. N1g3 Nxg3 20. Nxg3 Bd6 21. Bd2 Nf8 22. Qg4 Re8 23. c4 bxc4 24. dxc4 d4 25. Bxb7 Rxb7 26. Re1 Qc6 27. Rxe8 Qxe8 28. Qf3 Re7 29. Qd5 Bc7 30. Rf1 Qd8 31. Ne4 Qxd5 32. Nf6+ Kg7 33. Nxd5 Re2 34. Rf2 Rxf2 35. Kxf2 Bd8 36. Kf3 Nd7 37. Ke4 a4 38. b3 axb3 39. axb3 h6 40. b4 hxg5 41. fxg5 cxb4 42. Nxb4 Nc5+ 43. Kd5 Nb3 44. Bf4 f6 45. h4 fxg5 46. hxg5 Kf7 47. Nd3 Ke8 48. c5 Ba5 49. Kc4 Nd2+ 50. Kxd4 Nf3+ 51. Ke4 Nd2+ 52. Kd5 Nf3 53. Ne5 Nxe5 54. Kxe5 Bc7+ 55. Ke4 Ba5 56. Kd5 Kd7 57. c6+ Kc8 58. Kc5 Bd8 59. Kd5 Ba5 60. Kc4 Bb6 61. Kb5 Bf2 62. Ka6 Bh4 63. Ka5 Be1+ 64. Kb5 Bf2 65. Kc4 Bb6 66. Kd5 1/2-1/2

[Event "Najdorf Memorial-A 2022"]
[Site "Warsaw"]
[Date "2022.07.13"]
[Round "5.5"]
[White "Kazmierowski, Tymon"]
[Black "Hemmerling, Jaroslaw"]
[Result "1-0"]
[ECO "C10"]
[WhiteElo "1961"]
[BlackElo "1854"]
[Annotator "ChessBase"]
[PlyCount "59"]
[EventDate "2022.07.09"]
[EventType "swiss"]
[EventCountry "POL"]
[SourceTitle "playchess.com"]
[Source "ChessBase"]
[SourceQuality "1"]
[TimeControl "40/5400+30:1800+30"]

1. e4 e6 2. d4 d5 3. Nd2 dxe4 4. Nxe4 Nd7 5. Nf3 Ngf6 6. Bd3 Nxe4 7. Bxe4 Be7 8. O-O Nf6 9. Bd3 O-O 10. Bf4 c5 11. dxc5 Bxc5 12. Qe2 Be7 13. Rad1 Qa5 14. Bc4 Qf5 15. Bg5 a6 16. h3 Qa5 17. Ne5 Rd8 18. Rxd8+ Qxd8 19. Rd1 Qe8 20. Qf3 Rb8 21. Qf4 Ra8 22. Bb3 Nd7 23. Bxe7 Qxe7 24. Nxd7 Bxd7 25. Qc7 Rd8 26. Qxb7 Kf8 27. Qc7 Ke8 28. c4 Rc8 29. Qb7 a5 30. Ba4 1-0

[Event "Najdorf Memorial-A 2022"]
[Site "Warsaw"]
[Date "2022.07.13"]
[Round "5.6"]
[White "Danielyan, Vahe"]
[Black "Dalkowski, Rafal"]
[Result "1-0"]
[ECO "B36"]
[WhiteElo "2295"]
[BlackElo "2120"]
[Annotator "ChessBase"]
[PlyCount "65"]
[EventDate "2022.07.09"]
[EventType "swiss"]
[EventCountry "POL"]
[SourceTitle "playchess.com"]
[Source "ChessBase"]
[SourceQuality "1"]
[TimeControl "40/5400+30:1800+30"]

1. e4 c5 2. Nf3 g6 3. d4 cxd4 4. Nxd4 Nc6 5. c4 Nf6 6. Nc3 Nxd4 7. Qxd4 d6 8. Be3 Bg7 9. Be2 O-O 10. Qd2 Be6 11. O-O Qa5 12. Rac1 Rfc8 13. b3 a6 14. f4 b5 15. f5 Bd7 16. c5 b4 17. Nd5 Nxd5 18. Qxd5 Bc6 19. Qc4 Bb5 20. Qc2 dxc5 21. Bc4 Bxc4 22. Qxc4 gxf5 23. Rxf5 e6 24. Rg5 Kh8 25. Rf1 Ra7 26. e5 Bh6 27. Qh4 Bxg5 28. Bxg5 f5 29. Bf6+ Kg8 30. Rf3 Kf8 31. Rg3 Rcc7 32. Qg5 Ke8 33. Rd3 1-0

[Event "Najdorf Memorial-A 2022"]
[Site "Warsaw"]
[Date "2022.07.13"]
[Round "5.6"]
[White "Kutowski, Marcel"]
[Black "Bartodziej, Bartosz"]
[Result "1-0"]
[ECO "B92"]
[WhiteElo "1961"]
[BlackElo "1809"]
[Annotator "ChessBase"]
[PlyCount "119"]
[EventDate "2022.07.09"]
[EventType "swiss"]
[EventCountry "POL"]
[SourceTitle "playchess.com"]
[Source "ChessBase"]
[SourceQuality "1"]
[TimeControl "40/5400+30:1800+30"]

1. e4 c5 2. Nf3 d6 3. d4 cxd4 4. Nxd4 Nf6 5. Nc3 a6 6. Be2 e5 7. Nb3 Be7 8. Be3 Be6 9. Nd5 Nbd7 10. Qd3 Bxd5 11. exd5 O-O 12. g4 Ne8 13. h4 Rc8 14. O-O-O b5 15. g5 Nb6 16. Bg4 Rc4 17. Bf5 g6 18. Be4 f5 19. gxf6 Nxf6 20. Nd2 Ra4 21. h5 Nc4 22. f3 Nxe3 23. Qxe3 Nxe4 24. Nxe4 Rf4 25. Kb1 Qf8 26. hxg6 h6 27. g7 Kxg7 28. b3 Rd4 29. Rxd4 exd4 30. Qxd4+ Kh7 31. Qa7 Qf7 32. Qxa6 Qxd5 33. Qa7 Qf7 34. Qe3 d5 35. Nc3 d4 36. Qd3+ Qf5 37. Nxb5 Qxd3 38. cxd3 Rxf3 39. Rd1 Bc5 40. a3 Rf5 41. Rh1 Kg6 42. Rh2 h5 43. Kb2 Kg5 44. b4 Bxb4 45. Nxd4 Bxa3+ 46. Kxa3 Rd5 47. Nf3+ Kg4 48. Ne1 Kg3 49. Rh1 h4 50. Kb4 h3 51. Kc4 Re5 52. d4 Re8 53. d5 h2 54. d6 Re6 55. Kd5 Re2 56. d7 Rd2+ 57. Ke6 Rd4 58. Rxh2 Re4+ 59. Kd5 Rxe1 60. Rd2 1-0

[Event "Najdorf Memorial-A 2022"]
[Site "Warsaw"]
[Date "2022.07.13"]
[Round "5.7"]
[White "Backiel, Hubert"]
[Black "Mickiewicz, Piotr"]
[Result "1/2-1/2"]
[ECO "B47"]
[WhiteElo "2045"]
[BlackElo "2284"]
[Annotator "ChessBase"]
[PlyCount "256"]
[EventDate "2022.07.09"]
[EventType "swiss"]
[EventCountry "POL"]
[SourceTitle "playchess.com"]
[Source "ChessBase"]
[SourceQuality "1"]
[TimeControl "40/5400+30:1800+30"]

1. e4 c5 2. Nf3 e6 3. d4 cxd4 4. Nxd4 Nc6 5. Nc3 Qc7 6. g3 d6 7. Bg2 Nf6 8. O-O Be7 9. Ncb5 Qb8 10. c4 Nxd4 11. Nxd4 O-O 12. b3 a6 13. Bb2 Bd7 14. Qe2 Rd8 15. Kh1 Qc7 16. f4 Be8 17. Rae1 Nd7 18. f5 e5 19. Nc2 b5 20. Ne3 Nf6 21. g4 h6 22. h4 Bc6 23. Nd5 Bxd5 24. cxd5 Nh7 25. Qf2 Rdc8 26. Bc1 Qd8 27. g5 hxg5 28. f6 Bxf6 29. hxg5 Bxg5 30. Qxf7+ Kh8 31. Qh5 Bxc1 32. Rxc1 Qe7 33. Bh3 Rxc1 34. Rxc1 g6 35. Qxg6 Qh4 36. Qg4 Qh6 37. Rc8+ Rxc8 38. Qxc8+ Nf8 39. Kg2 Qd2+ 40. Kg1 Qe1+ 41. Kh2 Qf2+ 42. Kh1 Qe1+ 43. Kh2 Qe2+ 44. Kg1 Qe3+ 45. Kh2 Qf4+ 46. Kg1 Qg3+ 47. Kf1 Qd3+ 48. Kf2 Qd4+ 49. Kf3 Qd1+ 50. Kf2 Qd2+ 51. Kg1 Qe3+ 52. Kh2 Qf4+ 53. Kg1 Qg3+ 54. Kf1 Qf3+ 55. Kg1 b4 56. Bf5 Qe3+ 57. Kf1 Qd3+ 58. Kf2 Qd2+ 59. Kf3 Qd1+ 60. Kg3 Qg1+ 61. Kf3 Qf1+ 62. Ke3 Qg1+ 63. Ke2 Qg2+ 64. Kd3 Qf3+ 65. Kc2 Qe2+ 66. Kb1 Kg8 67. Qc2 Qe1+ 68. Qc1 Qg3 69. Qd2 a5 70. Kb2 Ng6 71. a3 Nf4 72. axb4 axb4 73. Kc2 Ng2 74. Qxb4 Ne3+ 75. Kd2 Qf2+ 76. Kd3 Nxf5 77. exf5 Qf3+ 78. Kc4 Qe2+ 79. Kc3 Qe1+ 80. Kc4 Qf1+ 81. Kc3 Qc1+ 82. Kd3 Qd1+ 83. Kc3 Qf3+ 84. Kc4 Qe4+ 85. Kc3 Qf3+ 86. Kc4 Qf1+ 87. Kc3 Qa1+ 88. Kc2 Qa2+ 89. Kc1 Qa1+ 90. Kc2 Qa2+ 91. Kd3 Qb1+ 92. Ke3 Qg1+ 93. Kf3 Qh1+ 94. Kg4 Qg2+ 95. Kh5 Qxd5 96. Qb8+ Kf7 97. Kg5 Qg2+ 98. Kh4 Qh2+ 99. Kg4 Qf4+ 100. Kh3 Qxf5+ 101. Kg2 Qe4+ 102. Kf2 Qd4+ 103. Ke2 e4 104. Qb5 Kf6 105. b4 d5 106. Qc6+ Kg5 107. Qe6 Qd3+ 108. Ke1 Qb1+ 109. Ke2 Qb2+ 110. Kd1 Qb1+ 111. Ke2 Qc2+ 112. Ke1 Qc3+ 113. Ke2 Qf3+ 114. Ke1 Qf5 115. Qd6 Kg4 116. Qh2 Qf3 117. Qg1+ Kf5 118. Qd4 e3 119. Qd3+ Qe4 120. Qb5 Ke5 121. Ke2 Qf4 122. Qb8+ Ke4 123. Qxf4+ Kxf4 124. b5 Ke5 125. Kxe3 d4+ 126. Kd3 Kd5 127. b6 Kc6 128. Kxd4 Kxb6 1/2-1/2

[Event "Najdorf Memorial-A 2022"]
[Site "Warsaw"]
[Date "2022.07.13"]
[Round "5.7"]
[White "Szwaj, Justyna"]
[Black "Jedrusik, Adam"]
[Result "0-1"]
[ECO "B13"]
[WhiteElo "1797"]
[BlackElo "1960"]
[Annotator "ChessBase"]
[PlyCount "140"]
[EventDate "2022.07.09"]
[EventType "swiss"]
[EventCountry "POL"]
[SourceTitle "playchess.com"]
[Source "ChessBase"]
[SourceQuality "1"]
[TimeControl "40/5400+30:1800+30"]

1. e4 c6 2. d4 d5 3. exd5 cxd5 4. Bd3 Nc6 5. c3 Qc7 6. Ne2 Bg4 7. O-O e6 8. Qe1 Nf6 9. f3 Bh5 10. Qh4 Rg8 11. Bg5 Bg6 12. Bxg6 hxg6 13. Bxf6 gxf6 14. Qxf6 Be7 15. Qf4 Bd6 16. Qh4 g5 17. Qh7 O-O-O 18. g3 Rh8 19. Qd3 Rh3 20. Nd2 Rdh8 21. Rf2 Bxg3 22. Nxg3 Qxg3+ 23. Rg2 Qf4 24. Qe2 Ne7 25. Re1 Ng6 26. Qe3 Qh4 27. Nf1 Nf4 28. Rc2 Rxf3 29. Qxf3 Qxe1 30. c4 Kb8 31. cxd5 exd5 32. Qe3 Re8 33. Qxe1 Rxe1 34. Kf2 Nd3+ 35. Kg2 Re4 36. Rd2 Nf4+ 37. Kf2 Kc7 38. Ng3 Re6 39. Kf3 Rh6 40. Kg4 f6 41. Kf5 Kd6 42. Nf1 Ne6 43. Ne3 Ng7+ 44. Kg4 Rh4+ 45. Kf3 Rf4+ 46. Kg2 Ne6 47. Nc2 Re4 48. Kf3 a5 49. Rd3 b5 50. Rd2 f5 51. h3 Rh4 52. Kg3 Nf4 53. Rh2 Nh5+ 54. Kg2 Nf6 55. Rh1 Re4 56. Rf1 Ke6 57. Re1 Nh5 58. Kf3 Nf4 59. h4 Nd3 60. Rxe4+ dxe4+ 61. Kg3 f4+ 62. Kg4 gxh4 63. Kxh4 Kd5 64. Kg4 f3 65. Kg3 Nxb2 66. Kf2 Nd3+ 67. Ke3 b4 68. Kd2 f2 69. Ke2 a4 70. Na1 Kxd4 0-1

[Event "Najdorf Memorial-A 2022"]
[Site "Warsaw"]
[Date "2022.07.13"]
[Round "5.8"]
[White "Golecki, Jan"]
[Black "Raczek, Krzysztof"]
[Result "0-1"]
[ECO "A05"]
[WhiteElo "2219"]
[BlackElo "2114"]
[Annotator "ChessBase"]
[PlyCount "111"]
[EventDate "2022.07.09"]
[EventType "swiss"]
[EventCountry "POL"]
[SourceTitle "playchess.com"]
[Source "ChessBase"]
[SourceQuality "1"]
[TimeControl "40/5400+30:1800+30"]

1. Nf3 Nf6 2. b3 d6 3. d4 g6 4. Bb2 Bg7 5. g3 O-O 6. Bg2 b5 7. a4 b4 8. Ne5 dxe5 9. Bxa8 c6 10. Qd2 a5 11. dxe5 Nfd7 12. Qe3 Nb6 13. Nd2 Qc7 14. Nc4 Nxa8 15. Qc5 Na6 16. Qxa5 Qb7 17. O-O-O Be6 18. Ne3 c5 19. h4 N8c7 20. h5 Qe4 21. Rh4 Qc6 22. h6 Bh8 23. f4 Ra8 24. f5 gxf5 25. Rf4 Kf8 26. Nxf5 Nd5 27. Qb5 Qxb5 28. axb5 Nxf4 29. gxf4 Bxf5 30. bxa6 Ke8 31. Rg1 Kd7 32. Kd2 Ke6 33. Re1 Be4 34. Ke3 Bg6 35. Ra1 f6 36. a7 fxe5 37. Ra6+ Kd5 38. Kd2 Bf6 39. f5 Bxf5 40. c4+ bxc3+ 41. Bxc3 Bc8 42. Ra5 Kc6 43. b4 cxb4 44. Bxb4 Kb6 45. Ra3 Ba6 46. Rb3 Rd8+ 47. Ke3 Kxa7 48. Bc5+ Ka8 49. Rb6 Bb7 50. Re6 Rd7 51. Rb6 Kb8 52. Rb1 Bg5+ 53. Kf2 Bxh6 54. Rg1 Be4 55. Rg4 Bg6 56. Bd6+ 0-1